 Dungeon Crawl Stone Soup version 0.29-a0-330-g52719c12eb (webtiles) character file.

Game seed: 12313134006212365178

179 kae the Shooter (level 5, -4/32 HPs)
             Began as a Gargoyle Hunter on May 4, 2022.
             Slain by a killer bee (8 damage)
             ... on level 5 of the Dungeon.
             The game lasted 00:01:49 (2615 turns).

kae the Shooter (Gargoyle Hunter)                   Turns: 2615, Time: 00:01:49

Health: -4/32      AC: 11    Str: 15    XL:     5   Next: 59%
Magic:  14/14      EV: 11    Int:  9    God:
Gold:   89         SH:  0    Dex: 15    Spells: 4/4 levels left

rFire   . . .      SeeInvis .   a - +2 shortbow
rCold   . . .      Faith    .   (shield currently unavailable)
rNeg    + . .      Spirit   .   n - +0 ring mail
rPois   ∞          Reflect  .   (no helmet)
rElec   +          Harm     .   m - +1 cloak
rCorr   .          Rampage  .   (no gloves)
Will    .....                   (no boots)
Stlth   ..........              (no amulet)
HPRegen 0.10/turn               d - ring of magical power
MPRegen 0.14/turn               (no ring)

@: confused
A: sickness immunity, AC +4, negative energy resistance 1, electricity
resistance, torment resistance 1, petrification resistance
a: no special abilities


You were on level 5 of the Dungeon.
You visited 1 branch of the dungeon, and saw 5 of its levels.

You collected 193 gold pieces.
You spent 104 gold pieces at shops.

Inventory:

Hand Weapons
 a - a +2 shortbow (weapon)
Armour
 b - a +0 leather armour
 m - a +1 cloak (worn)
 n - a +0 ring mail (worn)
Jewellery
 d - a ring of magical power (left hand)
Wands
 p - a wand of charming (8)
Scrolls
 c - 2 scrolls of immolation
 e - a scroll of magic mapping
 h - 2 scrolls of identify
 r - a scroll of fear {unknown}
Potions
 g - a potion of berserk rage
 i - a potion of invisibility
 j - 2 potions of curing
 k - a potion of heal wounds
 l - a potion of degeneration
 o - a potion of haste
 q - a potion of brilliance
 s - a potion of lignification {unknown}


   Skills:
 + Level 3.6 Fighting
 + Level 4.7 Bows
 + Level 2.5 Armour
 + Level 2.6 Dodging
 - Level 1.1 Stealth


You had 4 spell levels left.
You didn't know any spells.
Your spell library contained the following spells:

 Spells                   Type           Power      Damage    Failure   Level
 Animate Skeleton         Necr           0%         N/A       61%         1
 Foxfire                  Conj/Fire      0%         2x1d4     61%         1
 Pain                     Necr           0%         1d4       61%         1
 Conjure Flame            Conj/Fire      0%         6-21      93%         3
 Inner Flame              Hex/Fire       0%         N/A       93%         3
 Vampiric Draining        Necr           0%         2d6       93%         3
 Flame Wave               Conj/Fire      0%         2d4       100%        4


Dungeon Overview and Level Annotations

Branches:
Dungeon (5/15)
 Temple: D:4-7

Altars:

Shops:
D:3 =[![:   D:5 *

Annotations:
D:4 2 transporters, Losyloc's ghost, amateur OpCK


Innate Abilities, Weirdness & Mutations

You are immune to sickness and miasma.
Your stone body is resilient. (AC +4)
You are immune to poison.
You resist negative energy. (rN+)
You are resistant to electric shocks. (rElec)
You are resistant to unholy torment.
You are immune to petrification.


Message History

You are too injured to fight recklessly!
You are too injured to fight recklessly!
There are monsters nearby!
You are too injured to fight recklessly!
You are too injured to fight recklessly!
There are monsters nearby!
Unknown command.
Okay, then.
Blink to where?
Press: ? - help, Dir - move target, p - black bear
Found Uretul's Lightly-Used Armoury.
As you read the scroll of blinking, it crumbles to dust.
An orc comes into view. It is wielding a +0 dagger.
There is a stone staircase leading up here.
The orc shouts!
You hear some strange, mumbled words.
You are confused.
In your confused state, you trip and fall back down the stairs.
The killer bee buzzes angrily. x2; You hear a shout!
The killer bee stings you but does no damage.
The killer bee closely misses you. x2
An orc comes into view. It is wielding a +0 whip.
The killer bee closely misses you.
There are monsters nearby!
The killer bee buzzes angrily.
The killer bee stings you.
The killer bee stings you but does no damage.
The killer bee closely misses you. The orc closely misses you.
The killer bee stings you. The killer bee barely misses you.
In your confused state, you trip and fall back down the stairs.
The killer bee barely misses you. x2; The killer bee stings you.
* * * LOW HITPOINT WARNING * * *
The killer bee stings you.
* * * LOW HITPOINT WARNING * * *
The killer bee closely misses you. Something hits you but does no damage.
The killer bee stings you but does no damage.
The killer bee stings you.
* * * LOW HITPOINT WARNING * * *
The killer bee stings you but does no damage. x2
The killer bee stings you!
You die...

#....††###...)..#
##....###...##..#
###...#...## #.#
....#....###[..
...#.............
....##..#....<. ..
....##.yh#o..o....
##yyyo...##..
#.y@y...... #
.......o.......
........∩..#...
.........#.....
#.......####...
###...... #..
##....# .. ....##


You could see a black bear, 6 killer bees and 4 orcs.

Vanquished Creatures
  2 iguanas
  5 adders
  2 worms
  A dart slug (D:3)
  8 bats
  3 endoplasms
  A giant cockroach (D:1)
  9 goblins
  5 hobgoblins
  8 jackals
  A quokka (D:1)
  5 ball pythons
  2 frilled lizards
  10 kobolds
  6 rats
68 creatures vanquished.

Notes
Turn   | Place    | Note
-------+----------+-------------------------------------------
     0 | D:1      | kae the Gargoyle Hunter began the quest for the Orb.
     0 | D:1      | Reached XP level 1. HP: 12/12 MP: 1/1
   113 | D:1      | Reached XP level 2. HP: 15/18 MP: 2/2
   232 | D:1      | Reached skill level 1 in Armour
   504 | D:1      | Reached XP level 3. HP: 21/22 MP: 3/3
  1388 | D:3      | Reached XP level 4. HP: 26/28 MP: 4/4
  1427 | D:3      | Found Jehass's Antique Armour Shoppe.
  1489 | D:3      | Found a faded altar of an unknown god.
  1584 | D:3      | Found Ova Qoso's Book Boutique.
  1668 | D:3      | Found Ryzozite's Distillery.
  1678 | D:3      | Bought a potion of curing for 39 gold pieces
  1678 | D:3      | Bought a potion of heal wounds for 65 gold pieces
  1711 | D:3      | Reached XP level 5. HP: 32/32 MP: 5/5
  1922 | D:3      | Found Efoti's Armour Emporium.
  1967 | D:3      | Found Gotuul's Jewellery Boutique.
  2202 | D:4      | Found a transporter.
  2208 | D:4      | Found a transporter.
  2282 | D:4      | Noticed Losyloc's ghost (amateur OpCK)
  2517 | D:5      | Entered Level 5 of the Dungeon
  2603 | D:5      | Noticed a black bear
  2608 | D:5      | Noticed a yak
  2609 | D:5      | Found Uretul's Lightly-Used Armoury.
  2615 | D:5      | Slain by a killer bee

Illustrated notes

Levels and vault maps discovered:
D:1:      dpeg_arrival_prison, layout_rooms, minmay_distorted
D:2:      layout_loops_ring
D:3:      layout_loops_ring, serial_shops, nicolae_shop_statue_plus, shop,
          nicolae_shop_hallway_plus, shop, nicolae_shop_waterfront,
          ebering_ecumenical_altar_rust
D:4:      layout_cave_pools, gammafunk_ghost_stat_death,
          minmay_stone_trees_small, kennysheep_pointless_box
D:5:      layout_cave_pools, temple_green, minmay_shop_damaged,
          nicolae_underground_beach, uniq_sigmund, uniq_crazy_yiuf_cottage

Skill      XL: |  1  2  3  4 |
---------------+-------------+-----
Armour         | 1 2 |  2.5
Dodging        | 2 |  2.6
Fighting       | 3 |  3.6
Bows           | |  4.7
Stealth        | |  1.1

Action                   |  1- 3 |  4- 6 || total
-------------------------+-------+-------++-------
 Fire: Shortbow          |   129 |    97 ||   226
  Use: Scroll            |    10 |     3 ||    13
Armor: Leather armour    |    17 |       ||    17
       Ring mail         |    17 |    37 ||    54
Dodge: Dodged            |    34 |    45 ||    79

Table legend: (Time is in decaauts)
 A = Elapsed time spent in this place.
 B = Non-inter-level travel time spent in this place.
 C = Inter-level travel time spent in this place.
 D = Time resting spent in this place.
 E = Time spent auto-exploring this place.
 F = Levels seen in this place.
 G = Mean time per level.
                   A        B        C        D        E       F      G
               +--------+--------+--------+--------+--------+-----+--------+
         Total |   2695 |   2572 |    123 |      0 |   2088 |   5 |  539.0 |
       Dungeon |   2695 |   2572 |    123 |      0 |   2088 |   5 |  539.0 |
               +--------+--------+--------+--------+--------+-----+--------+

Top non-repeatable levels by time:
     D:2: 713 daAuts
     D:3: 696 daAuts
     D:1: 691 daAuts
     D:4: 489 daAuts
     D:5: 104 daAuts
